Map: Rhoskallian LE

Players

qqq - Winner!

  • Race: Zerg Zerg
  • League: Platinum
  • Spawn Location: 12:00

Massa - Winner!

  • Race: Terran Terran
  • League: Platinum
  • Spawn Location: 11:00

john

  • Race: Protoss Protoss
  • League: Platinum
  • Spawn Location: 5:00

MVA

  • Race: Zerg Zerg
  • League: Platinum
  • Spawn Location: 6:00

VOD

Have the link to the VOD?

Description

Time

  • Played on: Nov. 24, 2020, 3:16 p.m.
  • Length: 5:55
Show
View Real Time Build Order
Export as new Build Order

qqq Zerg - Winner!

Build Orders: Hatch First 

Get SALT Encoding   

  12  0:01  Drone  
  13  0:13  Drone  
  14  0:27  Overlord  
  14  0:49  Hatchery  
  13  0:57  Drone  
  13  0:58  Drone  
  13  0:59  Drone  
  16  1:16  Spawning Pool  
  15  1:19  Drone  
  16  1:27  Extractor  
  16  1:32  Drone x2  
  17  1:42  Drone  
  18  1:57  Drone  
  19  2:04  Queen  
  19  2:05  Queen  
  23  2:09  Zergling x2  
  23  2:11  Drone  
  23  2:13  Zergling x2  
  26  2:15  Drone  
  27  2:25  Zergling x2  
  28  2:34  Overlord  
  28  2:35  Metabolic Boost  
  28  2:49  Overlord  
  28  2:56  Zergling x2  
  28  2:58  Drone x3  
  32  3:04  Lair  
  32  3:08  Zergling x2  
  33  3:14  Zergling x2  
  33  3:15  Zergling x2, Overlord  
  33  3:16  Drone  
  36  3:21  Drone  
  37  3:44  Drone x3  
  40  3:52  Hatchery, Zergling x2  
  40  3:53  Zergling x2  
  40  3:54  Zergling x2  
  42  4:11  Zergling x6  
  42  4:12  Drone x3  
  48  4:18  Drone x2, Extractor, Infestation Pit  
  48  4:19  Drone  
  48  4:22  Drone x3  
  52  4:25  Overlord  
  52  4:42  Overlord  
  52  5:02  Drone  
  52  5:03  Drone x2, Zergling x2, Infestation Pit  
  52  5:04  Zergling x4  
  52  5:05  Zergling x2  
  58  5:09  Drone  
  58  5:12  Hatchery, Extractor  
  57  5:23  Zergling x6  
  57  5:24  Drone, Zergling x6  
  61  5:36  Zergling x2  
  59  5:46  Hydralisk Den  
Show
View Real Time Build Order
Export as new Build Order

Massa Terran - Winner!

Build Orders: Gas First Reaper Expand 

Get SALT Encoding   

  12  0:00  SCV  
  13  0:12  SCV  
  14  0:22  Supply Depot  
  14  0:24  SCV  
  15  0:30  Refinery  
  15  0:44  SCV  
  15  0:45  Barracks  
  16  0:56  SCV  
  17  1:17  SCV  
  18  1:32  Reaper  
  19  1:38  Command Center  
  19  1:42  Orbital Command  
  19  2:04  Marine  
  20  2:10  SCV  
  21  2:24  Factory  
  21  2:32  Supply Depot  
  21  3:07  Barracks Reactor  
  21  3:11  Orbital Command  
  21  3:12  SCV  
  22  3:14  Factory Tech Lab  
  22  3:19  Starport  
  22  3:23  Engineering Bay  
  22  3:24  SCV  
  23  3:37  SCV  
  24  3:49  SCV  
  25  4:01  SCV x2  
  27  4:08  Siege Tank  
  27  4:09  Marine x2  
  32  4:13  SCV x2  
  32  4:16  Refinery  
  34  4:17  Barracks  
  34  4:20  Command Center  
  34  4:24  Barracks  
  34  4:25  SCV x2  
  34  4:27  Barracks, Marine x2  
  34  4:30  Barracks  
  38  4:36  Medivac  
  40  4:44  Marine, Supply Depot  
  41  4:46  Supply Depot  
  41  4:53  Marine  
  41  4:59  Widow Mine  
  44  5:02  Marine  
  45  5:20  Widow Mine  
  46  5:34  Barracks Tech Lab x2, Marine x2  
Show
View Real Time Build Order
Export as new Build Order

john Protoss 

Build Orders: Nexus First 

Get SALT Encoding   

  12  0:04  Probe  
  13  0:25  Probe  
  14  0:46  Nexus  
  14  0:55  Pylon  
  14  1:00  Probe  
  15  1:13  Probe  
  16  1:19  Pylon  
  16  1:25  Probe  
  17  1:26  Assimilator  
  17  1:33  Assimilator  
  17  1:37  Probe  
  18  1:49  Probe (Chrono Boost)  
  18  1:53  Gateway  
  21  2:01  Probe (Chrono Boost)  
  21  2:05  Probe (Chrono Boost)  
  22  2:09  Probe (Chrono Boost)  
  22  2:16  Pylon  
  22  2:19  Probe (Chrono Boost)  
  24  2:25  Probe (Chrono Boost)  
  24  2:27  Probe (Chrono Boost)  
  24  2:46  Probe  
  24  2:48  Probe  
  26  2:59  Probe  
  26  3:00  Probe  
  28  3:08  Cybernetics Core  
  28  3:11  Gateway  
  28  3:12  Probe (Chrono Boost)  
  30  3:16  Probe (Chrono Boost)  
  30  3:18  Assimilator  
  30  3:21  Assimilator  
  30  3:22  Probe (Chrono Boost)  
  30  3:26  Probe (Chrono Boost)  
  32  3:30  Probe (Chrono Boost)  
  34  3:34  Probe (Chrono Boost)  
  34  3:36  Probe (Chrono Boost)  
  34  3:39  Probe (Chrono Boost)  
  36  3:43  Probe  
  37  3:49  Probe  
  37  3:55  Probe, Stalker  
  41  4:01  Probe  
  42  4:04  Stargate  
  42  4:07  Probe (Chrono Boost), Stalker  
  45  4:15  Stargate  
  46  4:18  Probe (Chrono Boost)  
  46  4:19  Probe (Chrono Boost)  
  47  4:27  Probe (Chrono Boost)  
  48  4:40  Probe  
  48  4:43  Stalker x2  
  53  5:04  Pylon x2  
  53  5:06  Pylon  
  53  5:08  Pylon  
  53  5:09  Pylon  
  53  5:16  Void Ray (Chrono Boost)  
Show
View Real Time Build Order
Export as new Build Order

MVA Zerg 

Build Orders: Hatch First 

Get SALT Encoding   

  12  0:00  Drone  
  13  0:13  Overlord  
  13  0:19  Drone  
  14  0:31  Drone x2  
  16  0:54  Drone, Hatchery  
  17  0:57  Drone  
  17  1:11  Drone  
  17  1:12  Extractor  
  17  1:22  Spawning Pool  
  17  1:23  Drone  
  17  1:24  Drone  
  18  1:33  Overlord  
  18  1:42  Drone  
  19  1:53  Drone  
  20  2:03  Drone  
  21  2:10  Drone  
  21  2:12  Queen x2, Zergling x2  
  27  2:39  Drone x4  
  31  2:48  Zergling x2  
  31  2:49  Drone  
  32  3:06  Drone x2, Metabolic Boost  
  32  3:10  Overlord x2  
  34  3:32  Drone x3  
  34  3:33  Drone  
  38  3:53  Drone  
  38  3:54  Drone x2  
  38  3:55  Drone x2  
  43  4:15  Roach Warren  
  42  4:17  Extractor  
  41  4:26  Extractor  
  41  4:27  Hatchery  
  39  4:36  Overlord  
  39  4:38  Drone x3  
  42  4:41  Lair  
  41  4:58  Roach x2  
  41  4:59  Roach x3  
  51  5:08  Overlord  
  51  5:09  Zergling x2  
  52  5:29  Roach x2  
  52  5:30  Roach x2  
Tags
 
Add a new tag
Caveats
  • Supply blocks, unpowered buildings, or Contaminate may cause inaccurate times.
  • Supply counts are checked every 10 seconds.